Map: Lock & Load

Players

ZPR

  • Race: Zerg Zerg
  • Spawn Location: 7:00

ReggieBlåck

  • Race: Terran Terran
  • Spawn Location: 6:00

VOD

Have the link to the VOD?

Description

Time

  • Played on: Jan. 31, 2018, 8:05 a.m.
  • Length: 16:22
Show
View Real Time Build Order
Export as new Build Order

ZPR Zerg 

Build Orders:  

Get SALT Encoding   

  12  0:03  Drone  
  13  0:12  Drone  
  14  0:22  Drone, Extractor  
  15  0:33  Overlord  
  15  1:05  Hatchery  
  14  1:10  Drone  
  14  1:15  Drone  
  16  1:20  Drone  
  16  1:26  Drone  
  18  1:32  Drone  
  19  1:48  Drone  
  20  1:57  Spawning Pool  
  19  2:01  Drone  
  19  2:06  Drone  
  21  2:16  Drone  
  22  2:20  Drone  
  22  2:27  Queen  
  25  2:31  Drone  
  25  2:36  Drone  
  27  2:43  Extractor x2  
  27  2:47  Drone  
  26  2:51  Overlord  
  26  2:59  Evolution Chamber  
  25  3:01  Drone  
  26  3:11  Drone  
  26  3:17  Drone  
  28  3:22  Drone  
  29  3:31  Drone  
  29  3:39  Heroic Fortitude  
  30  3:40  Overlord  
  30  3:48  Drone  
  31  3:55  Drone  
  32  4:03  Zerg Melee Weapons Level 1  
  32  4:07  Drone x2  
  32  4:08  Drone  
  35  4:21  Hatchery  
  35  4:27  Drone  
  35  4:28  Drone  
  36  4:36  Lair  
  36  4:42  Drone x2  
  38  5:06  Drone x3  
  38  5:07  Drone  
  38  5:08  Overlord x2  
  42  5:10  Zerg Missile Weapons Level 1  
  42  5:11  Drone  
  43  5:23  Drone x5  
  43  5:26  Extractor  
  47  5:30  Extractor  
  47  5:36  Overseer  
  46  5:41  Metabolic Boost  
  46  5:44  Drone x3, Nydus Network  
  48  6:19  Chain Reaction  
  48  6:20  Hive  
  48  6:22  Drone x2  
  48  6:28  Hardened Carapace  
  48  6:29  Hydralisk Den  
  49  6:32  Zergling x12  
  49  6:36  Omega Worm  
  49  6:39  Zergling x5  
  55  6:40  Zergling x4  
  55  6:41  Zergling x4  
  55  6:42  Zergling  
  55  6:43  Zergling x3  
  55  6:44  Zergling x6  
  55  6:45  Zergling x3  
  55  6:46  Zergling x4  
  55  6:47  Zergling x6  
  55  6:48  Zergling x2  
  55  6:50  Zergling  
  55  6:52  Zergling x6  
  55  6:53  Zergling  
  55  6:54  Zergling  
  43  7:00  Zergling x5  
  55  7:02  Zergling x3  
  55  7:07  Zerg Missile Weapons Level 2  
  55  7:17  Overlord x2, Hydralisk x5  
  55  7:19  Overlord x2  
  64  7:20  Muscular Augments  
  64  7:22  Adrenal Overload  
  64  7:44  Frenzy  
  64  7:46  Shredding Claws  
  64  7:57  Zergling x8  
  64  7:58  Overlord  
  82  8:01  Hydralisk x6  
  82  8:02  Hydralisk  
  82  8:08  Zergling  
  82  8:09  Zergling x2  
  82  8:10  Pneumatized Carapace, Zergling x2  
  82  8:11  Overseer x2, Zergling  
  82  8:12  Zergling x2  
  82  8:14  Zergling  
  82  8:16  Zergling x5  
  82  8:17  Zergling  
  82  8:18  Zergling x5  
  82  8:19  Zergling x2  
  82  8:20  Zergling x2  
  82  8:21  Zergling x5  
  82  8:22  Zergling x2  
  82  8:23  Zergling x4  
  82  8:24  Zergling  
  82  8:25  Zergling x3  
  82  8:26  Omega Worm, Zergling  
  82  8:27  Zergling  
  82  8:38  Zergling x6  
  82  8:39  Zergling x10  
  93  8:43  Hydralisk x4  
  93  8:44  Ability Efficiency  
  93  8:46  Zergling x4  
  93  8:47  Zergling  
  93  8:48  Zergling x4  
  93  8:53  Zergling  
  97  9:02  Hydralisk x2  
  92  9:23  Zergling x2  
  92  9:24  Zergling x26  
  92  9:26  Nydus Network  
  105  9:45  Zergling x7  
  105  9:46  Zergling x7  
  105  9:47  Zergling x8  
  105  9:48  Zergling x13  
  105  9:49  Zergling x19  
  105  9:50  Zergling x15  
  105  9:51  Zergling x11  
  105  9:52  Zergling x4  
  105  9:53  Zergling  
  105  9:54  Overlord x4, Zergling x10  
  105  9:55  Zergling x18  
  105  9:56  Zerg Missile Weapons Level 3, Zergling x7  
  105  9:57  Zergling x6  
  105  9:58  Zergling x10  
  105  9:59  Zergling x10  
  61  10:00  Zergling x5  
  105  10:01  Zergling x7  
  105  10:02  Zergling x8  
  105  10:03  Zergling x10  
  105  10:04  Zergling x9  
  105  10:05  Zergling x13  
  105  10:06  Zergling x5  
  105  10:07  Zergling x15  
  105  10:08  Omega Worm, Zergling x2  
  105  10:09  Zergling x5  
  62  10:10  Zergling x21  
  105  10:11  Zergling x6  
  105  10:12  Zergling x10  
  105  10:13  Zergling x19  
  105  10:14  Zergling x3  
  105  10:15  Zergling x8  
  105  10:16  Zergling x3  
  105  10:17  Zergling x22  
  105  10:18  Zergling x3  
  105  10:19  Zergling x10  
  63  10:20  Overlord x3, Zergling x14  
  104  10:21  Hydralisk, Zergling x8  
  104  10:22  Zergling x15  
  104  10:23  Zergling x7  
  104  10:24  Zergling x9  
  104  10:25  Zergling x11  
  104  10:26  Zergling x8  
  104  10:27  Zergling x6  
  104  10:28  Zergling x4  
  104  10:29  Zergling x14  
  64  10:30  Zergling x13  
  110  10:31  Hydralisk x3, Zergling x16  
  110  10:32  Hydralisk, Zergling x9  
  110  10:33  Zergling x4  
  110  10:34  Zergling x6  
  110  10:35  Zergling x14  
  110  10:36  Zergling x4  
  110  10:37  Zergling x2  
  110  10:38  Zergling x5  
  110  10:39  Zergling x8  
  65  10:40  Zergling x7  
  113  10:41  Omega Worm, Zergling x2  
  113  10:42  Zergling x11  
  113  10:43  Zergling x3  
  113  10:44  Zergling x12  
  113  10:45  Zergling x6  
  113  10:46  Zergling x7  
  113  10:47  Zergling x17  
  113  10:48  Zergling  
  113  10:49  Zergling x12  
  66  10:50  Zergling x8  
  113  10:51  Zergling x7  
  113  10:52  Zergling x14  
  113  10:53  Zergling x7  
  113  10:54  Zergling x8  
  113  10:55  Zergling x6  
  113  10:56  Zergling x10  
  113  10:57  Zergling x6  
  113  10:58  Hydralisk x4, Zergling x4  
  113  10:59  Zergling x4  
  121  11:00  Zergling x3  
  121  11:01  Zergling x6  
  121  11:02  Zergling x2  
  121  11:03  Zergling x5  
  121  11:05  Zergling x5  
  121  11:06  Hydralisk, Zergling x2  
  121  11:07  Zergling x5  
  121  11:08  Zergling x8  
  121  11:09  Zergling x8  
  127  11:10  Zergling  
  127  11:11  Zergling x2  
  127  11:12  Zergling x3  
  127  11:13  Zergling  
  127  11:16  Zergling  
  127  11:17  Zergling x2  
  127  11:19  Zergling x4  
  125  11:21  Zergling x6  
  125  11:22  Hydralisk  
  125  11:24  Zergling  
  125  11:25  Zergling x5  
  125  11:26  Zergling x3  
  125  11:29  Overseer x2  
  120  11:33  Overlord x3  
  120  11:39  Omega Worm  
  118  11:44  Zergling x2  
  118  11:45  Zergling x10  
  118  11:46  Omega Worm  
  123  11:58  Zergling  
  123  11:59  Zergling  
  123  12:00  Zergling  
  123  12:01  Zergling  
  123  12:08  Hydralisk x3  
  135  12:23  Zergling x2  
  135  12:24  Zergling x10  
  135  12:25  Hydralisk x3, Zergling x9  
  135  12:26  Hydralisk, Zergling  
  135  12:27  Zergling x11  
  135  12:28  Zergling x2  
  135  12:29  Zergling x15  
  137  12:30  Zergling x9  
  137  12:31  Zergling x4  
  137  12:32  Zergling x12  
  137  12:33  Zergling x7  
  137  12:34  Zergling x11  
  137  12:35  Zergling x2  
  137  12:36  Zergling x6  
  137  12:37  Zergling x3  
  137  12:38  Zergling x2  
  137  12:39  Zergling x3  
  77  12:40  Zergling x4  
  137  12:41  Zergling x4  
  137  12:42  Omega Worm, Zergling x8  
  137  12:43  Zergling x3  
  137  12:44  Zergling x4  
  137  12:45  Zergling x5  
  137  12:46  Zergling x2  
  137  12:47  Zergling x6  
  137  12:48  Zergling x3  
  137  12:49  Zergling x2  
  149  12:50  Hydralisk x4, Zergling x2  
  149  12:51  Hydralisk x2, Zergling  
  149  12:52  Zergling x3  
  149  12:53  Zergling  
  149  12:54  Zergling  
  145  13:10  Hydralisk  
  145  13:11  Hydralisk x2  
  139  13:23  Omega Worm  
  139  13:26  Zergling x4  
  139  13:27  Zergling x8  
  142  13:45  Omega Worm  
  130  14:01  Hydralisk x4  
  130  14:02  Hydralisk  
  130  14:05  Zergling x2  
  130  14:07  Zergling  
  130  14:10  Zergling x2  
  130  14:18  Hydralisk x3  
  146  14:30  Hydralisk  
  146  14:31  Hydralisk x5  
  144  14:48  Omega Worm  
  146  15:02  Omega Worm, Hydralisk  
  128  15:41  Zergling  
  128  15:42  Zergling  
Show
View Real Time Build Order
Export as new Build Order

ReggieBlåck Terran 

Build Orders:  

Get SALT Encoding   

  12  0:29  SCV  
  13  0:36  Barracks  
  13  1:13  Orbital Command  
  13  1:41  Command Center  
  13  1:53  SCV  
  14  2:09  SCV  
  15  2:37  Command Center  
  15  3:27  Orbital Command  
  15  3:38  Command Center  
  15  4:20  Orbital Command  
  15  5:40  Orbital Command  
Tags
 
Matchup
Co-op
Replay Pack
Co-op Speedrun
Add a new tag
Caveats
  • Supply blocks, unpowered buildings, or Contaminate may cause inaccurate times.
  • Supply counts are checked every 10 seconds.